 Dungeon Crawl Stone Soup version 0.28-a0-834-g1a73be5ee4 (webtiles) character file.

Game seed: 11280108089168880137

4112 Gargoyl the Fighter (level 10, -14/81 (82) HPs)
             Began as a Gnoll Abyssal Knight on Nov 11, 2021.
             Was a Priest of Lugonu.
             Killed from afar by a gargoyle (16 damage)
             ... with a stone arrow
             ... on level 7 of the Dungeon.
             The game lasted 00:11:29 (6954 turns).

Gargoyl the Fighter (Gnoll Abyssal Knight)          Turns: 6954, Time: 00:11:29

HP:   -14/81 (82)   AC: 14    Str: 16    XL:     10   Next: 26%
MP:   16/17         EV:  7    Int: 10    God:    Lugonu [***...]
Gold: 177           SH:  0    Dex: 18    Spells: 19/19 levels left

rFire   + . .      SeeInvis .   t - +2 hand axe (elec)
rCold   + . .      Faith    .   (no shield)
rNeg    . . .      Spirit   .   j - +0 plate armour
rPois   +          Reflect  .   (no helmet)
rElec   .          Harm     .   l - scarf {rC+ rF+}
rCorr   .          Rampage  .   (no gloves)
Will    +....      Rage     1%  u - +0 pair of boots
Stlth   ..........              i - amulet of regeneration
HPRegen 1.23/turn               c - +6 ring of dexterity
MPRegen 0.15/turn               e - ring of poison resistance

@: lightly drained
A: fangs 1, strong nose, distributed training, talons 1, berserk 1,
strong-willed 1, screaming 1
a: Renounce Religion, Depart the Abyss, Bend Space, Banish


You were on level 7 of the Dungeon.
You worshipped Lugonu.
Lugonu was most pleased with you.
You visited 1 branch of the dungeon, and saw 7 of its levels.
You visited the Abyss 1 time.

You collected 380 gold pieces.
You spent 203 gold pieces at shops.

Inventory:

Hand Weapons
 a - a +1 hand axe
 b - a +0 long sword of flaming
 t - a +2 hand axe of electrocution (weapon)
Missiles
 r - 7 poisoned darts (quivered)
Armour
 j - a +0 plate armour (worn)
 l - a scarf of resistance (worn)
 u - a +0 pair of boots (worn)
Jewellery
 c - a +6 ring of dexterity (left hand)
 d - a ring of flight
 e - a ring of poison resistance (right hand)
 i - an amulet of regeneration (around neck)
Wands
 f - a wand of flame (18)
 m - a wand of iceblast (5)
 x - a wand of charming (12)
 y - a wand of mindburst (5)
Scrolls
 n - a scroll of teleportation
 o - 2 scrolls of magic mapping
Potions
 g - 2 potions of magic
 h - 2 potions of resistance
 p - 2 potions of lignification {unknown}
 q - a potion of flight {unknown}
 s - a potion of cancellation {unknown}
 v - 2 potions of haste
 w - a potion of heal wounds {unknown}


   Skills:
 + Level 8.4 Fighting
 + Level 5.1 Short Blades
 + Level 5.1 Long Blades
 + Level 6.9 Axes
 + Level 5.1 Maces & Flails
 + Level 5.1 Polearms
 + Level 5.1 Staves
 + Level 5.1 Slings
 + Level 5.1 Bows
 + Level 5.1 Crossbows
 + Level 5.1 Throwing
 + Level 6.9 Armour
 + Level 5.8 Dodging
 + Level 5.1 Stealth
 + Level 5.1 Shields
 + Level 5.1 Unarmed Combat
 + Level 5.1 Spellcasting
 + Level 4.2 Conjurations
 + Level 4.2 Hexes
 + Level 4.2 Summonings
 + Level 4.2 Necromancy
 + Level 4.2 Translocations
 + Level 4.2 Transmutations
 + Level 4.2 Fire Magic
 + Level 4.2 Ice Magic
 + Level 4.2 Air Magic
 + Level 4.2 Earth Magic
 + Level 4.2 Poison Magic
 + Level 7.3 Invocations
 + Level 5.1 Evocations


You had 19 spell levels left.
You didn't know any spells.
Your spell library contained the following spells:

 Spells                   Type           Power      Damage    Failure   Level
 Animate Skeleton         Necr           22%        N/A       86%         1
 Apportation              Tloc           22%        N/A       86%         1
 Foxfire                  Conj/Fire      44%        2x1d6     86%         1
 Freeze                   Ice            44%        1d6       86%         1
 Summon Small Mammal      Summ           44%        N/A       86%         1
 Corpse Rot               Necr/Air       22%        N/A       94%         2
 Poisonous Vapours        Pois/Air       22%        N/A       94%         2
 Frozen Ramparts          Ice            22%        1d4       99%         3
 Stone Arrow              Conj/Erth      22%        3d8       99%         3
 Animate Armour           Summ/Erth      22%        N/A       100%        4
 Hailstorm                Conj/Ice       11%        3d5       100%        4
 Borgnjor's Revivificati  Necr           5%         N/A       100%        8
 Lehudib's Crystal Spear  Conj/Erth      5%         10d3      100%        8
 Necromutation            Tmut/Necr      5%         N/A       100%        8
 Death's Door             Necr           5%         N/A       100%        9


Dungeon Overview and Level Annotations

Branches:
Dungeon (7/15)
 Temple: D:4-7

Altars:
Ru
Sif Muna
Trog
Wu Jian
Yredelemnul

Shops:
D:3 (

Annotations:
D:5 1 runed translucent door
Abyss:1 Gargoyl's ghost, novice GnAK


Innate Abilities, Weirdness & Mutations

You have very sharp teeth.
Your uncanny sense of smell can sniff out nearby items.
Your experience applies equally to all skills.
You have sharp toenails.
You tend to lose your temper in combat.
You are strong-willed. (Will+)
You occasionally shout uncontrollably at your foes.


Message History

You hit the gnoll but do no damage. You hit the gnoll. x2
The gnoll hits you with a +0 halberd!
* * * LOW HITPOINT WARNING * * *
The gnoll hits you with a +0 spear.
* * * LOW HITPOINT WARNING * * *
The gnoll sergeant hits you with a +0 trident.
* * * LOW HITPOINT WARNING * * *
The gnoll hits you but does no damage.
You feel better. The gnoll closely misses you. The gnoll barely misses you.
The gnoll sergeant hits you with a +0 trident!
* * * LOW HITPOINT WARNING * * *
The gnoll hits you with a +0 whip!
* * * LOW HITPOINT WARNING * * *
Space bends around you!
You blink.
Press: ? - help, Shift-Dir - straight line
Okay, then.
Press: ? - help, v - describe, . - travel
Here: a gnoll, wielding a +0 whip (translocational energy, lightly wounded)
The floor, spattered with blood.
As you read the scroll of teleportation, it crumbles to dust.
You feel strangely unstable.
Your surroundings suddenly seem different.
A bullfrog and a gargoyle come into view.
Found a pair of gloves and 2 viscous purple potions.
The bullfrog croaks.
The gargoyle hits you but does no damage.
The bullfrog closely misses you.
You hit the gargoyle but do no damage. You slash the bullfrog!
Lightning courses through the bullfrog!
The bullfrog hits you but does no damage.
The gargoyle hurls a stone arrow at you.
The stone arrow hits you!
* * * LOW HITPOINT WARNING * * *
You hit the gargoyle but do no damage. You punch the gargoyle.
You bite the gargoyle.
The gargoyle is lightly damaged.
You hit the bullfrog. The bullfrog barely misses you.
The gargoyle hurls a stone arrow at you.
The stone arrow hits you!
You die...

...########
...#......
..........
.........
....... #....#
.###....####...
......[@9......
!.......F......
....#..........
.## ##..##.....
##.# ..... ###
.... ... ...


You could see a gargoyle and a bullfrog.

Vanquished Creatures
  A two-headed ogre (D:6)
  Maggie (D:7)
  Sigmund (D:3)
  2 steam dragons (D:6)
  Menkaure (D:5)
  Edmund (D:5)
  Duvessa (D:4)
  A black bear (D:4)
  An orc warrior (D:6)
  A hornet zombie (D:6)
  3 necrophages
  4 ogres
  A bullfrog (D:6)
  2 scorpions
  A water moccasin zombie (D:6)
  Dowan (D:4)
  6 wights
  A bullfrog zombie (D:3)
  2 hounds
  2 jellies
  2 orc priests (D:6)
  Jessica (D:3)
  A centaur skeleton (D:7)
  4 iguanas
  Ijyb (D:3)
  4 orc wizards
  A scorpion zombie (D:5)
  A hound skeleton (D:4)
  A howler monkey zombie (D:5)
  A howler monkey skeleton (D:5)
  5 adders
  2 shadow imps
  3 ufetubi (D:6)
  An adder skeleton (D:5)
  2 dart slugs
  10 orcs
  8 ball pythons
  4 endoplasms
  5 giant cockroaches
  15 goblins
  6 hobgoblins
  9 jackals
  3 quokkas
  4 bats
  3 frilled lizards
  11 kobolds
  7 rats
149 creatures vanquished.

Vanquished Creatures (others)
  A white imp (D:7)
1 creature vanquished.

Grand Total: 150 creatures vanquished

Notes
Turn   | Place    | Note
-------+----------+-------------------------------------------
     0 | Abyss:1  | Gargoyl the Gnoll Abyssal Knight began the quest for the
                  | Orb.
     0 | Abyss:1  | Reached XP level 1. HP: 23/23 MP: 3/3
     9 | Abyss:1  | Found a corrupted altar of Lugonu.
    89 | Abyss:3  | Found a corrupted altar of Lugonu.
   151 | Abyss:3  | Noticed a large abomination
   174 | Abyss:3  | Noticed an ancient zyme
   184 | Abyss:3  | Noticed a tentacled starspawn
   184 | Abyss:3  | Noticed a sixfirhy
   185 | D:1      | Escaped the Abyss
   260 | D:1      | Reached * piety under Lugonu
   456 | D:1      | Reached XP level 2. HP: 29/29 MP: 5/5
  1002 | D:1      | Found a faded altar of an unknown god.
  1166 | D:1      | Reached XP level 3. HP: 35/35 MP: 6/6
  1481 | D:2      | Reached skill level 1 in Short Blades
  1481 | D:2      | Reached skill level 1 in Long Blades
  1481 | D:2      | Reached skill level 1 in Maces & Flails
  1481 | D:2      | Reached skill level 1 in Polearms
  1481 | D:2      | Reached skill level 1 in Staves
  1481 | D:2      | Reached skill level 1 in Slings
  1481 | D:2      | Reached skill level 1 in Bows
  1481 | D:2      | Reached skill level 1 in Crossbows
  1481 | D:2      | Reached skill level 1 in Throwing
  1481 | D:2      | Reached skill level 1 in Stealth
  1481 | D:2      | Reached skill level 1 in Shields
  1481 | D:2      | Reached skill level 1 in Unarmed Combat
  1481 | D:2      | Reached skill level 1 in Spellcasting
  1481 | D:2      | Reached skill level 1 in Evocations
  1890 | D:2      | Reached XP level 4. HP: 40/41 MP: 7/7
  2129 | D:3      | Noticed Jessica
  2135 | D:3      | Killed Jessica
  2136 | D:3      | Reached skill level 1 in Conjurations
  2136 | D:3      | Reached skill level 1 in Hexes
  2136 | D:3      | Reached skill level 1 in Summonings
  2136 | D:3      | Reached skill level 1 in Necromancy
  2136 | D:3      | Reached skill level 1 in Translocations
  2136 | D:3      | Reached skill level 1 in Transmutations
  2136 | D:3      | Reached skill level 1 in Fire Magic
  2136 | D:3      | Reached skill level 1 in Ice Magic
  2136 | D:3      | Reached skill level 1 in Air Magic
  2136 | D:3      | Reached skill level 1 in Earth Magic
  2136 | D:3      | Reached skill level 1 in Poison Magic
  2288 | D:3      | Reached XP level 5. HP: 44/47 MP: 8/8
  2314 | D:3      | Reached ** piety under Lugonu
  2507 | D:3      | Noticed Sigmund
  2557 | D:3      | Killed Sigmund
  2558 | D:3      | Reached skill level 5 in Axes
  2558 | D:3      | Reached skill level 5 in Armour
  2558 | D:3      | Reached skill level 5 in Invocations
  2558 | D:3      | Reached XP level 6. HP: 33/53 MP: 9/9
  2608 | D:3      | Found Otoceso's Weapon Shop.
  2701 | D:3      | Noticed Ijyb
  2734 | D:3      | Killed Ijyb
  3139 | D:4      | Noticed Dowan
  3140 | D:4      | Gained mutation: You have sharp toenails. [potion of
                  | mutation]
  3140 | D:4      | Gained mutation: You tend to lose your temper in combat.
                  | [potion of mutation]
  3140 | D:4      | Gained mutation: You occasionally shout uncontrollably at
                  | your foes. [potion of mutation]
  3140 | D:4      | Gained mutation: You are strong-willed. (Will+) [potion of
                  | mutation]
  3152 | D:4      | Found a shimmering blue altar of Sif Muna.
  3160 | D:4      | Noticed Duvessa
  3189 | D:4      | Killed Duvessa
  3190 | D:4      | Reached XP level 7. HP: 4/59 MP: 10/10
  3228 | D:4      | Reached skill level 7 in Fighting
  3268 | D:4      | Found a bloodstained altar of Trog.
  3286 | D:4      | Killed Dowan
  3309 | D:4      | Got Sif Muna's Volume of the Echidna
  3686 | D:4      | Reached XP level 8. HP: 56/67 MP: 12/12
  3807 | D:4      | Reached *** piety under Lugonu
  3848 | D:4      | Found a sacrificial altar of Ru.
  4400 | D:3      | Bought a +1 hand axe of electrocution for 203 gold pieces
  4479 | D:5      | Entered Level 5 of the Dungeon
  4527 | D:5      | Found a runed translucent door.
  4532 | D:5      | Noticed Gargoyl's ghost (novice GnAK)
  4946 | D:5      | Noticed Edmund
  4957 | D:5      | Killed Edmund
  5054 | D:5      | Noticed Menkaure
  5059 | D:5      | Killed Menkaure
  5231 | D:5      | Found a runed translucent door.
  5260 | D:5      | Banished Gargoyl's ghost
  5261 | D:5      | Reached XP level 9. HP: 60/74 MP: 9/15
  5389 | D:5      | Found an ornate altar of the Wu Jian Council.
  5398 | D:5      | Noticed a spectral centipede
  5561 | D:6      | Reached skill level 5 in Dodging
  6112 | D:6      | Reached skill level 8 in Fighting
  6233 | D:6      | Found a basalt altar of Yredelemnul.
  6328 | D:7      | Noticed Maggie
  6357 | D:7      | Killed Maggie
  6480 | D:7      | Noticed a two-headed ogre
  6493 | D:6      | Reached XP level 10. HP: 70/80 MP: 17/17
  6685 | D:6      | HP: 1/80 [two-headed ogre (18)]
  6698 | D:6      | Killed a two-headed ogre
  6699 | D:6      | Reached skill level 5 in Short Blades
  6699 | D:6      | Reached skill level 5 in Long Blades
  6699 | D:6      | Reached skill level 5 in Maces & Flails
  6699 | D:6      | Reached skill level 5 in Polearms
  6699 | D:6      | Reached skill level 5 in Staves
  6699 | D:6      | Reached skill level 5 in Slings
  6699 | D:6      | Reached skill level 5 in Bows
  6699 | D:6      | Reached skill level 5 in Crossbows
  6699 | D:6      | Reached skill level 5 in Throwing
  6699 | D:6      | Reached skill level 5 in Stealth
  6699 | D:6      | Reached skill level 5 in Shields
  6699 | D:6      | Reached skill level 5 in Unarmed Combat
  6699 | D:6      | Reached skill level 5 in Spellcasting
  6699 | D:6      | Reached skill level 5 in Evocations
  6952 | D:7      | Noticed a gargoyle
  6953 | D:7      | HP: 1/81 [gargoyle/stone arrow (11)]
  6954 | D:7      | Killed from afar by a gargoyle

Illustrated notes

Levels and vault maps discovered:
D:1:      ncdulo_smallfort, layout_basic, hellmonk_ecumenical_altar_run_dry,
          kennysheep_decorative_pillar
D:2:      layout_loops_corners
D:3:      kennysheep_goblin_castle, layout_basic, serial_shops,
          nicolae_shop_trees, minmay_misc_feat_secret_circle,
          kennysheep_generic_room_7, uniq_jessica, uniq_sigmund
D:4:      kb_forest_paths, layout_basic, nzn_overflow_gifts_of_might_and_magic,
          nicolae_ru_sacrificial_ziggurat
D:5:      layout_loops_corners, pdpol_wu_jian_five_deadly_venoms,
          ebering_ghost_sewer_f, hangedman_decor_points, uniq_ijyb, uniq_edmund,
          uniq_menkaure
D:6:      layout_loops_ring, nicolae_overflow_hidden_temple, kennysheep_potato
D:7:      layout_gridville, grunt_temple_overflow_diamond,
          minmay_temple_entry_arrows, uniq_maggie

Skill      XL: |  1  2  3  4  5  6  7  8  9 10 |
---------------+-------------------------------+-----
Short Blades   | 1 2 4 5 |  5.1
Long Blades    | 1 2 4 5 |  5.1
Maces & Flails | 1 2 4 5 |  5.1
Polearms       | 1 2 4 5 |  5.1
Staves         | 1 2 4 5 |  5.1
Slings         | 1 2 4 5 |  5.1
Bows           | 1 2 4 5 |  5.1
Crossbows      | 1 2 4 5 |  5.1
Throwing       | 1 2 4 5 |  5.1
Stealth        | 1 2 4 5 |  5.1
Shields        | 1 2 4 5 |  5.1
Unarmed Combat | 1 2 4 5 |  5.1
Spellcasting   | 1 2 4 5 |  5.1
Evocations     | 1 2 4 5 |  5.1
Conjurations   | 1 2 3 4 |  4.2
Hexes          | 1 2 3 4 |  4.2
Summonings     | 1 2 3 4 |  4.2
Necromancy     | 1 2 3 4 |  4.2
Translocations | 1 2 3 4 |  4.2
Transmutations | 1 2 3 4 |  4.2
Fire Magic     | 1 2 3 4 |  4.2
Ice Magic      | 1 2 3 4 |  4.2
Air Magic      | 1 2 3 4 |  4.2
Earth Magic    | 1 2 3 4 |  4.2
Poison Magic   | 1 2 3 4 |  4.2
Axes           | 5 6 |  6.9
Armour         | 5 6 |  6.9
Dodging        | 3 4 5 |  5.8
Invocations    | 5 6 7 |  7.3
Fighting       | 7 8 |  8.4

Action                   |  1- 3 |  4- 6 |  7- 9 | 10-12 || total
-------------------------+-------+-------+-------+-------++-------
Melee: Hand axe          |    91 |   153 |   325 |    38 ||   607
       Bite              |    10 |    26 |    58 |     7 ||   101
       Punch             |       |     1 |     5 |     3 ||     9
       Kick              |       |    11 |    47 |       ||    58
Throw: Dart              |       |       |    11 |     7 ||    18
Invok: Depart the Abyss  |     1 |       |       |       ||     1
       Banish            |       |       |     1 |       ||     1
       Bend Space        |       |       |       |     3 ||     3
  Use: Scroll            |     3 |     5 |     4 |     3 ||    15
       Potion            |     1 |     2 |       |     1 ||     4
Armor: Leather armour    |    22 |     1 |       |       ||    23
       Plate armour      |       |    99 |   185 |    29 ||   313
Dodge: Dodged            |    66 |    36 |   104 |    24 ||   230

Table legend: (Time is in decaauts)
 A = Elapsed time spent in this place.
 B = Non-inter-level travel time spent in this place.
 C = Inter-level travel time spent in this place.
 D = Time resting spent in this place.
 E = Time spent auto-exploring this place.
 F = Levels seen in this place.
 G = Mean time per level.
                   A        B        C        D        E       F      G
               +--------+--------+--------+--------+--------+-----+--------+
         Total |   7001 |   6653 |    348 |    154 |   4652 |  10 |  700.1 |
       Dungeon |   6836 |   6488 |    348 |    139 |   4554 |   7 |  976.6 |
         Abyss |    164 |    164 |      0 |     15 |     98 |   3 |   54.7 |
               +--------+--------+--------+--------+--------+-----+--------+

Top non-repeatable levels by time:
     D:4: 1287 daAuts
     D:6: 1250 daAuts
     D:3: 1200 daAuts
     D:5: 1112 daAuts
     D:1: 1005 daAuts
     D:2: 816 daAuts
     D:7: 164 daAuts
 Abyss:3: 79 daAuts
 Abyss:2: 69 daAuts
 Abyss:1: 15 daAuts
